 Dungeon Crawl Stone Soup version 0.14-a0-181-gf6fe0c6 (webtiles) character file.

207 Leibowitz the Cutter (level 5, -1/49 HPs)
             Began as a Kobold Berserker on Oct 7, 2013.
             Was a Priest of Trog.
             Slain by a gnoll
             ... wielding a +0,+0 halberd
              (6 damage)
             ... on Level 2 of the Dungeon.
             The game lasted 00:05:59 (2314 turns).

Leibowitz the Cutter (Kobold Berserker)             Turns: 2314, Time: 00:05:59

HP  -1/49        AC  3     Str 22      XL: 5   Next: 16%
MP   4/4         EV 15     Int  5      God: Trog [***...]
Gold 95          SH  0     Dex 15      Spells:  0 memorised,  4 levels left

Res.Fire  : . . .   See Invis. : .   a - +0 short sword
Res.Cold  : . . .   Warding    : .   h - +0 orc leather armour (curse)
Life Prot.: . . .   Conserve   : .   (no shield)
Res.Poison: .       Res.Corr.  : .   (no helmet)
Res.Elec. : .       Clarity    : .   (no cloak)
Sust.Abil.: . .     Spirit.Shd : .   (no gloves)
Res.Mut.  : .       Stasis     : .   (no boots)
Res.Rott. : .       Flight     : .   (no amulet)
Saprovore : + + .                    (no ring)
                                     (no ring)

@: berserking, very quick, slightly resistant to hostile enchantments, extremely
unstealthy
A: disease resistance, carnivore 3, saprovore 2
a: Burn Spellbooks, Berserk, Trog's Hand, Renounce Religion


You were on level 2 of the Dungeon.
You worshipped Trog.
Trog was most pleased with you.
You were not hungry.

You visited 1 branch of the dungeon, and saw 2 of its levels.

You collected 75 gold pieces.

Inventory:

Hand weapons
 a - a +0,+0 short sword (weapon)
Armour
 h - a cursed +0 orcish leather armour (worn)
Comestibles
 c - a meat ration
Scrolls
 d - a scroll of blinking {unknown}
 e - 7 scrolls of identify {unknown}
 f - 2 scrolls of remove curse {unknown}
Potions
 b - a potion of magic {unknown}
 g - a potion of heal wounds {unknown}
 i - a potion of slowing {unknown}


   Skills:
 * Level 4.0 Fighting
 + Level 4.8 Short Blades
 - Level 1.5 Armour
 * Level 4.5 Dodging
 * Level 1.3 Stealth


You had 4 spell levels left.
You didn't know any spells.

Dungeon Overview and Level Annotations

Branches:
Dungeon (2/27)

Altars:


Innate Abilities, Weirdness & Mutations

You recuperate from illness quickly.
You are small and have problems with some larger weapons.
You are carnivorous and can eat meat at any time.
You can eat rotten meat.


Message History

You feel a strong urge to attack something.
The gnoll hits you but does no damage. The gnoll hits you with a spear.
The gnoll hits you with a spear.
The gnoll hits you from afar with a halberd.
Found a smoky black potion.
You hit the gnoll.
The gnoll is heavily wounded.
You puncture the gnoll!
You kill the gnoll!
Trog accepts your kill. The gnoll completely misses you.
The gnoll hits you from afar with a halberd!
* * * LOW HITPOINT WARNING * * *
You hit the gnoll.
The gnoll is lightly wounded.
The gnoll closely misses you.
You hit the gnoll.
The gnoll is heavily wounded.
The gnoll hits you from afar with a halberd.
You die...

.# #.#..# #.....# .#
#.#..# #.(...# .#
#.#..# #.....#
.###.#..# #.....#
.#......# #.....#
........# #.....#
##..)...# #.....#
####.#[####(...)####!#
####.#..........@g...#
..##.#########.##.g..#
#.##.# #.# .g..#
#.##(# #.# ....#
#.#... #.# ....#
#.#... #.# ....#
..#... #.# ....# ..#
#.# .... ..#... #


You could see 3 gnolls.

Vanquished Creatures
  Jessica (D:2)
  4 adders (D:2)
  A gnoll (D:2)
  2 oozes (D:1)
  A ball python (D:2)
  6 bats
  4 giant cockroaches
  7 goblins
  3 hobgoblins
  3 jackals (D:2)
  A quokka (D:2)
  6 giant newts
  7 kobolds
  6 rats
52 creatures vanquished.

Notes
Turn   | Place    | Note
--------------------------------------------------------------
     0 | D:1      | Leibowitz, the Kobold Berserker, began the quest for the Orb.
     0 | D:1      | Reached XP level 1. HP: 14/14 MP: 0/0
   361 | D:1      | Reached XP level 2. HP: 10/19 MP: 1/1
   865 | D:1      | Reached XP level 3. HP: 16/24 MP: 2/2
   921 | D:1      | Acquired Trog's second power
  1472 | D:2      | Reached skill level 1 in Stealth
  1542 | D:2      | Reached XP level 4. HP: 4/28 MP: 3/3
  2063 | D:2      | Noticed Jessica
  2084 | D:2      | Killed Jessica
  2301 | D:2      | Reached XP level 5. HP: 26/33 MP: 4/4
  2314 | D:2      | Slain by a gnoll

Action                   |  1- 3 |  4- 6 || total
-------------------------+-------+-------++-------
Melee: Short sword       |   164 |    67 ||   231
       Dagger            |     2 |       ||     2
Invok: Berserk           |       |     1 ||     1
  Use: Scroll            |     2 |       ||     2
 Stab: Distracted        |       |     1 ||     1
